 Dungeon Crawl Stone Soup version 0.16-a0-4092-gb8933cd (webtiles) character file.

9394 toofou the Basher (level 11, -2/99 HPs)
             Began as a Minotaur Berserker on Feb 23, 2015.
             Was a High Priest of Trog.
             Slain by an eight-headed hydra (3 damage)
             ... on level 2 of the Lair of Beasts on Feb 24, 2015.
             The game lasted 00:52:45 (10563 turns).

toofou the Basher (Minotaur Berserker)             Turns: 10563, Time: 00:52:45

Health: -2/99      AC: 17    Str: 25    XL:     11   Next: 22%
Magic:  4/4        EV:  9    Int:  4    God:    Trog [*****.]
Gold:   607        SH:  0    Dex: 10    Spells: 0 memorised, 10 levels left

rFire  . . .     SeeInvis .     E - +0 morningstar
rCold  . . .     Clarity  .     t - +1 plate armour
rNeg   + . .     SustAb   .     (no shield)
rPois  .         Gourm    .     (helmet restricted)
rElec  .         Spirit   .     (no cloak)
rCorr  .         Warding  +     O - +0 pair of gloves
rMut   .         Stasis   .     (no boots)
MR     .....                    F - amulet of warding
Stlth  ..........               (no ring)
                                s - ring of flight

@: exhausted, slowed, very slow, not resistant to hostile enchantments,
extremely unstealthy
A: retaliatory headbutt, horns 2
a: Burn Spellbooks, Berserk, Trog's Hand, Brothers in Arms, Renounce Religion,
Evoke Flight


You were on level 2 of the Lair of Beasts.
You worshipped Trog.
Trog was extremely pleased with you.
You were hungry.

You visited 2 branches of the dungeon, and saw 11 of its levels.

You collected 607 gold pieces.

Inventory:

Hand weapons
 E - a +0 morningstar (weapon)
 J - a +3 quarterstaff of chaos
 V - a +4 triple crossbow of flaming
 W - a +0 scimitar
Armour
 t - a +1 plate armour (worn)
 O - a +0 pair of gloves (worn)
Jewellery
 s - a ring of flight (left hand)
 B - an uncursed ring of protection from cold {unknown}
 F - an amulet of warding (around neck)
 Y - an uncursed amulet of resist mutation {unknown}
Magical devices
 b - a wand of paralysis (13)
 z - a wand of confusion (16)
 P - a wand of polymorph (14)
 S - a wand of draining (3)
 U - a wand of hasting (2)
Scrolls
 i - 3 scrolls of recharging
 j - 7 scrolls of remove curse
 k - 3 scrolls of enchant armour
 l - a scroll of fear {unknown}
 m - 4 scrolls of teleportation
 n - a scroll of blinking {unknown}
 o - 2 scrolls of immolation
 u - a scroll of fog {unknown}
 w - a scroll of magic mapping {unknown}
 x - a scroll of amnesia
 y - a scroll of enchant weapon {unknown}
 A - 2 scrolls of noise {unknown}
 L - a scroll of silence {unknown}
 N - a scroll of random uselessness {unknown}
 T - a scroll of brand weapon {unknown}
 Z - 2 scrolls of summoning {unknown}
Potions
 a - a potion of resistance {unknown}
 d - a potion of experience {unknown}
 e - 3 potions of restore abilities
 g - 3 potions of heal wounds
 h - 5 potions of curing
 p - a potion of magic {unknown}
 v - a potion of degeneration {unknown}
 C - 2 potions of cancellation
 D - 3 potions of haste
 H - 2 potions of cure mutation {unknown}
 K - 2 potions of berserk rage
Books
 G - a book of Envenomations

   Spells                             Type                      Level
   a - Spider Form                    Transmutation/Poison         3
   b - Alistair's Intoxication        Transmutation/Poison         4
   c - Olgreb's Toxic Radiance        Poison                       4
   d - Poisonous Cloud                Conjuration/Poison/Air       6
   Trog disapproves of the use of such an item.
 I - a book of Summonings

   Spells                             Type                      Level
   a - Abjuration                     Summoning                    3
   b - Recall                         Summoning/Translocation      3
   c - Shadow Creatures               Summoning                    5
   d - Summon Demon                   Summoning                    5
   e - Summon Forest                  Summoning/Translocation      5
   f - Monstrous Menagerie            Summoning                    6
   Trog disapproves of the use of such an item.
 R - a book of Transfigurations

   Spells                             Type                      Level
   a - Stoneskin                      Transmutation/Earth          2
   b - Irradiate                      Conjuration/Transmutation    5
   c - Statue Form                    Transmutation/Earth          6
   d - Hydra Form                     Transmutation                6
   e - Dragon Form                    Transmutation                7
   Trog disapproves of the use of such an item.
Comestibles
 c - 3 bread rations
 r - 2 beef jerkies
 M - a royal jelly
 X - a meat ration


   Skills:
 + Level 10.1 Fighting
   Level 2.0(9.8) Axes
 * Level 14.3 Maces & Flails
 + Level 10.7 Armour
 + Level 4.8 Dodging
 - Level 1.5 Stealth


You had 10 spell levels left.
You didn't know any spells.

Dungeon Overview and Level Annotations

Branches:
Dungeon (9/15) Temple (0/1) D:4 D:5 Lair (2/8) D:9 Orc: D:9-12

Altars:
Ashenzari
Cheibriados
Dithmenos
Gozag
Kikubaaqudgha
Qazlal
Ru
Trog

Shops:
D:6 =

Annotations:
D:4 Prince Ribbit


Innate Abilities, Weirdness & Mutations

You reflexively headbutt those who attack you in melee.
You have a pair of horns on your head.


Message History

The eight-headed hydra barely misses you.
The eight-headed hydra bites you.
* * * LOW HITPOINT WARNING * * *
The eight-headed hydra bites you but does no damage. x2
The eight-headed hydra bites you!
* * * LOW HITPOINT WARNING * * *
The eight-headed hydra bites you.
* * * LOW HITPOINT WARNING * * *
The eight-headed hydra bites you!
* * * LOW HITPOINT WARNING * * *
The eight-headed hydra barely misses you.
The eight-headed hydra closely misses you.
The eight-headed hydra bites you.
* * * LOW HITPOINT WARNING * * *
The eight-headed hydra bites you but does no damage. x2
The eight-headed hydra bites you.
* * * LOW HITPOINT WARNING * * *
The eight-headed hydra bites you but does no damage.
The eight-headed hydra bites you.
You die...

.......#... ...#....P....
........... +...........
.......#.... #.[........
.......#.... #..........
#......#.... #....#.#...
#......##.. ##....##...P
#......##..####...........
.......#.##.#.##D..^......
................@.........
..........).....r........
#........................
#....................##..
#....###...###.#.......
#....# #...# ##........
.....##...... #...#..
.....##....... ....#.
#............ #...#


You could see an eight-headed hydra and a quokka.

Vanquished Creatures
  Gastronok (Lair:1)
  A hill giant (D:8)
  Pikel (D:6)
  The ghost of mauris the Sneak, an experienced NaWz of Qazlal (D:6)
  4 torpor snails (Lair:1)
  2 spiny frogs
  A komodo dragon (Lair:1)
  A slime creature (D:7)
  2 yaks (D:9)
  A wyvern (D:8)
  3 hippogriffs
  A deep elf fighter (D:9)
  The ghost of toofou the Conjurer, an average DECj (D:4)
  2 porcupines
  3 sky beasts
  3 centaurs
  3 ice beasts
  A phantom (D:4)
  A slave (D:6)
  2 orc warriors
  An ogre (D:6)
  Sigmund (D:5)
  Duvessa (D:6)
  A big kobold (D:4)
  Blork the orc (D:5)
  3 giant frogs
  A water moccasin zombie (D:7)
  2 scorpions
  A quasit (D:6)
  Dowan (D:6)
  4 crimson imps
  7 jellies
  A goliath beetle (D:6)
  Crazy Yiuf (D:5)
  4 orc priests
  3 orc wizards
  2 iguanas
  7 hounds
  Natasha (twice) (D:5)
  4 worker ants
  7 sheep (Lair:2)
  3 hound skeletons
  A worker ant zombie (D:7)
  9 river rats
  8 adders
  A shadow imp (D:6)
  2 giant mites
  A white imp (D:5)
  5 worms
  4 adder skeletons
  4 giant geckos
  15 oozes
  12 orcs
  20 bats
  2 bat skeletons
  14 hobgoblins
  9 jackals
  7 quokkas
  6 giant cockroaches
  A giant newt (D:2)
  11 goblins
  A jackal zombie (D:5)
  29 kobolds
  A quokka skeleton (D:7)
  22 rats
  9 fungi
  2 plants (D:9)
289 creatures vanquished.

Vanquished Creatures (others)
  A giant frog (D:6)
  A fungus (D:7)
  4 toadstools (D:1)
6 creatures vanquished.

Grand Total: 295 creatures vanquished

Notes
Turn   | Place    | Note
--------------------------------------------------------------
     0 | D:1      | toofou, the Minotaur Berserker, began the quest for the Orb.
     0 | D:1      | Reached XP level 1. HP: 19/19 MP: 1/1
   386 | D:1      | Reached XP level 2. HP: 27/27 MP: 1/1
   557 | D:1      | Reached skill level 4 in Fighting
   601 | D:1      | You fall through a shaft!
   760 | D:1      | Acquired Trog's second power
  1031 | D:1      | Reached XP level 3. HP: 33/33 MP: 2/2
  1849 | D:3      | Reached XP level 4. HP: 27/41 MP: 2/2
  2200 | D:3      | Reached skill level 1 in Stealth
  2261 | D:3      | Found a sacrificial altar of Ru.
  2848 | D:4      | Found a staircase to the Ecumenical Temple.
  2886 | D:4      | Noticed a phantom
  2914 | D:4      | Killed a phantom
  2914 | D:4      | Reached skill level 5 in Fighting
  2914 | D:4      | Reached XP level 5. HP: 29/48 MP: 2/2
  3095 | D:4      | Noticed a big kobold
  3108 | D:4      | Killed a big kobold
  3108 | D:4      | Reached skill level 5 in Maces & Flails
  3108 | D:4      | Reached XP level 6. HP: 52/56 MP: 3/3
  3128 | D:4      | Acquired Trog's third power
  3409 | D:4      | Noticed Prince Ribbit
  3475 | D:4      | Noticed toofou's ghost (average DECj)
  3769 | D:4      | Killed toofou's ghost
  4357 | D:5      | Entered Level 5 of the Dungeon
  4389 | D:5      | Noticed Sigmund
  4411 | D:5      | Killed Sigmund
  4411 | D:5      | Reached skill level 5 in Armour
  4414 | D:5      | Reached XP level 7. HP: 62/62 MP: 3/3
  4463 | D:5      | Reached skill level 6 in Maces & Flails
  4479 | D:5      | Found a staircase to the Ecumenical Temple.
  4487 | D:5      | Noticed Natasha
  4502 | D:5      | Killed Natasha
  4576 | D:5      | Noticed Blork the orc
  4582 | D:5      | Killed Blork the orc
  4734 | D:5      | Found a stormy altar of Qazlal.
  4745 | D:5      | Reached skill level 1 in Axes
  5243 | D:5      | Noticed Natasha
  5255 | D:5      | Killed Natasha
  5360 | D:5      | Noticed Crazy Yiuf
  5364 | D:5      | Killed Crazy Yiuf
  5461 | D:5      | Found an ancient bone altar of Kikubaaqudgha.
  5461 | D:5      | Found an opulent altar of Gozag.
  5501 | D:6      | Reached XP level 8. HP: 63/71 MP: 3/3
  5536 | D:6      | Noticed Duvessa
  5539 | D:6      | Noticed Dowan
  5547 | D:6      | Killed Duvessa
  5547 | D:6      | Reached skill level 7 in Maces & Flails
  5558 | D:6      | Killed Dowan
  5890 | D:6      | Found Fruami's Jewellery Shoppe.
  6063 | D:6      | Found a bloodstained altar of Trog.
  6088 | D:6      | Noticed mauris' ghost (experienced NaWz)
  6113 | D:6      | Killed mauris' ghost
  6113 | D:6      | Reached skill level 8 in Maces & Flails
  6116 | D:6      | Reached XP level 9. HP: 79/79 MP: 4/4
  6187 | D:6      | Received a gift from Trog
  6193 | D:6      | Noticed Pikel
  6212 | D:6      | Killed Pikel
  6212 | D:6      | Reached skill level 9 in Maces & Flails
  6436 | D:6      | Reached skill level 10 in Maces & Flails
  6736 | D:7      | Found a shadowy altar of Dithmenos.
  6742 | D:7      | Found a shattered altar of Ashenzari.
  7092 | D:7      | Reached skill level 11 in Maces & Flails
  7093 | D:7      | Received a gift from Trog
  7141 | D:7      | Got an iridescent hunting sling {god gift}
  7253 | D:8      | Found a snail-covered altar of Cheibriados.
  7338 | D:8      | Noticed a hill giant
  7352 | D:8      | Killed a hill giant
  7352 | D:8      | Reached XP level 10. HP: 24/90 MP: 4/4
  7871 | D:8      | Reached skill level 12 in Maces & Flails
  8307 | D:9      | Received a gift from Trog
  8393 | D:9      | Found a staircase to the Lair.
  8427 | Lair:1   | Entered Level 1 of the Lair of Beasts
  8528 | Lair:1   | Reached skill level 13 in Maces & Flails
  8959 | D:9      | Upgraded the game from 0.16-a0-4088-g7c8221e to 0.16-a0-4092-gb8933cd
  9127 | Lair:1   | Noticed Gastronok
  9162 | Lair:1   | Killed Gastronok
  9162 | Lair:1   | Reached skill level 10 in Armour
  9212 | Lair:1   | HP: 4/92 [poisoned by a spiny frog]
  9218 | Lair:1   | HP: 4/92 [poisoned by a spiny frog]
  9224 | Lair:1   | HP: 4/92 [poisoned by a spiny frog]
  9717 | Lair:1   | Found a snail-covered altar of Cheibriados.
  9730 | Lair:1   | Reached XP level 11. HP: 75/99 MP: 4/4
  9739 | Lair:1   | Reached skill level 10 in Fighting
  9739 | Lair:1   | Reached skill level 14 in Maces & Flails
 10546 | Lair:2   | Noticed an eight-headed hydra
 10563 | Lair:2   | HP: 1/99 [eight-headed hydra (4)]
 10563 | Lair:2   | Slain by an eight-headed hydra

Action                   |  1- 3 |  4- 6 |  7- 9 | 10-12 || total
-------------------------+-------+-------+-------+-------++-------
Melee: Mace              |    70 |   175 |    26 |       ||   271
       Morningstar       |       |       |   300 |   277 ||   577
       War axe           |       |       |     8 |       ||     8
Invok: Berserk           |       |     3 |     6 |     4 ||    13
  Use: Scroll            |       |     4 |     6 |     2 ||    12
       Potion            |       |       |       |     1 ||     1
  Eat: Bread ration      |     1 |       |     1 |       ||     2
       Meat ration       |       |     2 |     2 |     3 ||     7
